 Dungeon Crawl Stone Soup version 0.19-a0-32-gbfd796a (webtiles) character file.

79 M4edhros the Grave Robber (level 4, -2/27 HPs)
             Began as an Octopode Necromancer on May 2, 2016.
             Slain by a giant gecko (4 damage)
             ... on level 4 of the Dungeon.
             The game lasted 00:30:08 (725 turns).

M4edhros the Grave Robber (Octopode Necromancer)     Turns: 725, Time: 00:30:09

Health: -2/27      AC:  1    Str:  5 (7)  XL:     4   Next: 38%
Magic:  3/7        EV: 12    Int: 19      God:
Gold:   121        SH:  0    Dex: 11 (13) Spells: 3 memorised, 2 levels left

rFire  . . .     SeeInvis .       - Unarmed
rCold  . . .     Gourm    .     (no shield)
rNeg   . . .     Faith    .     (helmet restricted)
rPois  +         Spirit   .     (no amulet)
rElec  .         Dismiss  .     g - ring of poison resistance
rCorr  .         Reflect  .     (no ring)
SustAt .         Harm     .     (no ring)
MR     .....                    (no ring)
Stlth  +++.......               (no ring)
                                (no ring)
                                (no ring)
                                (no ring)

@: not resistant to hostile enchantments, fairly stealthy
A: almost no armour, amphibious, 8 rings, constrict 8, camouflage 1, clever 1,
poison resistance, gelatinous body 1
a: no special abilities


You were on level 4 of the Dungeon.
You were not hungry.

You visited 1 branch of the dungeon, and saw 4 of its levels.

You collected 121 gold pieces.

Inventory:

Hand Weapons
 l - a +1 long sword of electrocution
Jewellery
 g - a ring of poison resistance (left tentacle)
Scrolls
 c - 4 scrolls of enchant weapon {unknown}
 d - a scroll of magic mapping {unknown}
 e - a scroll of immolation {unknown}
 h - a scroll of blinking
 j - a scroll of random uselessness {unknown}
 k - a scroll of fog {unknown}
Potions
 f - a potion of berserk rage
Books
 a - a book of Necromancy

   Spells                             Type                      Level
   a - Pain                           Necromancy                   1
   b - Animate Skeleton               Necromancy                   1
   c - Vampiric Draining              Necromancy                   3
   d - Regeneration                   Charms/Necromancy            3
   e - Animate Dead                   Necromancy                   4
   f - Control Undead                 Necromancy                   4
Comestibles
 b - a bread ration
 i - a chunk of flesh


   Skills:
 - Level 2.0 Dodging
 - Level 2.6 Stealth
 + Level 3.8 Unarmed Combat
 - Level 2.0 Spellcasting
 - Level 4.0 Necromancy


You had 2 spell levels left.
You knew the following spells:

 Your Spells              Type           Power        Failure   Level  Hunger
a - Pain                  Necr           ###.         3%          1    #......
b - Animate Skeleton      Necr           N/A          3%          1    #......
r - Regeneration          Chrm/Necr      #.........   21%         3    ###....


Dungeon Overview and Level Annotations

Branches:
Dungeon (4/15)
 Temple: D:4-7

Altars:
Qazlal
Vehumet

Annotations:
D:3 Grinder; Mefis's ghost, amateur HEWz


Innate Abilities, Weirdness & Mutations

You cannot wear most types of armour.
You are amphibious.
You can wear up to eight rings at the same time.
You can use your tentacles to constrict eight enemies at once.
Your skin changes colour to match your surroundings (Stealth).
Your rubbery body absorbs attacks (AC +1).
Your mind is acute. (Int +2)
Your system is resistant to poisons.


Message History

A giant gecko comes into view.
The giant gecko barely misses you. The giant gecko bites you.
You barely miss the giant gecko. Your grab misses the giant gecko.
The giant gecko bites you.
* * * LOW HITPOINT WARNING * * *
You closely miss the giant gecko. Your grab misses the giant gecko.
The giant gecko bites you but does no damage.
You barely miss the giant gecko. Your grab misses the giant gecko.
You squeeze the giant gecko.
The giant gecko is almost dead.
The giant gecko bites you.
* * * LOW HITPOINT WARNING * * *
You barely miss the giant gecko. Your grab misses the giant gecko.
The giant gecko is almost dead.
The giant gecko bites you.
* * * LOW HITPOINT WARNING * * *
You closely miss the giant gecko. Your grab misses the giant gecko.
The giant gecko is almost dead.
The giant gecko bites you.
You die...

### ###+##....
#........h
#########+##.....)..
..l.................
.................#
.................+
......l@....(....#
....#########'####
.. . #....##...
#.......).
#.........
#..######. ###.....#
#.....# #.....#


You could see 2 giant geckos.

Vanquished Creatures
  A worker ant (D:4)
  4 adders (D:3)
  A worm (D:3)
  2 giant cockroaches
  2 goblins
  3 hobgoblins (D:2)
  2 ball pythons (D:1)
  A bat (D:3)
  2 giant newts
  3 rats (D:3)
21 creatures vanquished.

Notes
Turn   | Place    | Note
--------------------------------------------------------------
     0 | D:1      | M4edhros the Octopode Necromancer began the quest for the Orb.
     0 | D:1      | Reached XP level 1. HP: 11/11 MP: 3/3
   151 | D:1      | Reached skill level 1 in Unarmed Combat
   256 | D:2      | Reached XP level 2. HP: 5/17 MP: 0/5
   309 | D:3      | Found a radiant altar of Vehumet.
   335 | D:3      | Reached XP level 3. HP: 2/21 MP: 4/6
   338 | D:3      | Learned a level 1 spell: Animate Skeleton
   342 | D:3      | Learned a level 3 spell: Regeneration
   479 | D:2      | Found a stormy altar of Qazlal.
   542 | D:3      | Gained mutation: Your system is resistant to poisons. [potion of mutation]
   542 | D:3      | Gained mutation: Your mind is acute. (Int +2) [potion of mutation]
   571 | D:3      | Noticed Grinder
   652 | D:3      | Noticed Mefis's ghost (amateur HEWz)
   704 | D:4      | Reached XP level 4. HP: 14/27 MP: 0/7
   725 | D:4      | Slain by a giant gecko

Vault maps used:
D:1:      dpeg_arrival_arbitrary_c, wad_floor_pattern_2, minmay_hedge_maze,
          kennysheep_small_spiral
D:2:      nicolae_overflow_crystal_walls, lemuel_crystal_altar,
          roderic_roman_lattice
D:3:      lemuel_crystal_altar, nemelex_deck, lemuel_coloured_pillars_altar,
          portal_sewer_entry_e, uniq_grinder

Skill      XL: |  1  2  3 |
---------------+----------+-----
Unarmed Combat | 1 2 3 |  3.8
Dodging        | |  2.0
Stealth        | |  2.6
Spellcasting   | |  2.0
Necromancy     | |  4.0

Action                   |  1- 3 |  4- 6 || total
-------------------------+-------+-------++-------
Melee: Unarmed           |    52 |     5 ||    57
       Constrict         |    13 |       ||    13
       Tentacles         |     8 |     1 ||     9
       Long sword        |     5 |       ||     5
 Cast: Pain              |    12 |       ||    12
       Regeneration      |     8 |       ||     8
  Use: Potion            |     5 |       ||     5
       Scroll            |     4 |       ||     4
 Stab: Sleeping          |     5 |       ||     5
  Eat: Chunk             |     2 |       ||     2
Armor: Skin              |     3 |     1 ||     4
Dodge: Dodged            |    31 |     1 ||    32
